 Dungeon Crawl Stone Soup version 0.21.1-1-g345015fe64 (webtiles) character file.

35851 Norrik the Fencer (level 13, -1/122 HPs)
             Began as a Minotaur Monk on Apr 27, 2018.
             Was the Champion of Okawaru.
             Slain by a naga warrior
             ... wielding a +0 short sword
              (5 damage)
             ... on level 3 of the Abyss.
             The game lasted 00:35:28 (12086 turns).

Norrik the Fencer (Minotaur Monk)                  Turns: 12086, Time: 00:35:29

Health: -1/122     AC: 24    Str: 26    XL:     13   Next: 49%
Magic:  25/25      EV:  7    Int: 10    God:    Okawaru [******]
Gold:   1916       SH:  0    Dex: 13    Spells: 12/12 levels left

rFire    . . .     SeeInvis .   i - +10 great sword "Somunoj" {elec, +Inv Str+2}
rCold    + . .     Gourm    .   (shield currently unavailable)
rNeg     . . .     Faith    .   G - +2 plate armour {rC+}
rPois    .         Spirit   .   N - +1 hat {Int+3}
rElec    .         Reflect  .   (no cloak)
rCorr    .         Harm     .   A - +1 pair of gloves
MR       .....                  H - +2 pair of boots {run}
Stlth    ..........             s - amulet of regeneration
HPRegen  0.00/turn              d - +3 ring of strength
MPRegen  0.19/turn              z - ring of magical power

@: confused, lethally poisoned (-1 -> -29), non-regenerating, diseased,
constricted, quick
A: retaliatory headbutt, horns 2
a: Heroism, Finesse, Renounce Religion, Evoke Invisibility


You were on level 3 of the Abyss.
You worshipped Okawaru.
Okawaru was exalted by your worship.
You were not hungry.

You visited 2 branches of the dungeon, and saw 15 of its levels.
You visited the Abyss 1 time.
You also visited: Labyrinth and Bailey.

You collected 1916 gold pieces.

Inventory:

Hand Weapons
 h - the +6 rapier "Kuil" {protect, rC+ Int+6}
   (You found it on level 5 of the Dungeon)

   It protects the one who uses it against injury (+AC on strike).
   It affects your intelligence (+6).
   It protects you from cold.
 i - the +10 great sword "Somunoj" (weapon) {elec, +Inv Str+2}
   (You acquired it on level 8 of the Dungeon)

   Occasionally, upon striking a foe, it will discharge some electrical energy
   and cause terrible harm.
   It affects your strength (+2).
   It lets you turn invisible.
 T - the +8 great sword of Anottis {slice, +Blink rF+ rC+}
   (Okawaru gifted it to you on level 12 of the Dungeon)

   It inflicts extra damage upon your enemies.
   It protects you from fire.
   It protects you from cold.
   It lets you blink.
 W - a +2 great sword of holy wrath
Missiles
 e - 10 throwing nets
 j - 22 tomahawks (quivered)
Armour
 A - a +1 pair of gloves (worn)
 G - a +2 plate armour of cold resistance (worn)
 H - a +2 pair of boots of running (worn)
 J - the +6 large shield "Nauborr" {Str+2 Dex+4}
   (You found it on level 8 of the Dungeon)

   It affects your strength (+2).
   It affects your dexterity (+4).
 N - a +1 hat of intelligence (worn)
Jewellery
 d - a +3 ring of strength (left hand)
 k - an uncursed amulet of rage
 n - an uncursed ring of flight
 s - an amulet of regeneration (around neck)
 z - a ring of magical power (right hand)
Wands
 u - a wand of acid (27)
 L - a wand of iceblast (7)
 O - a wand of digging (8)
 P - a wand of clouds (10)
 Q - a wand of flame (25)
Scrolls
 f - 4 scrolls of blinking
 g - 4 scrolls of fog
 l - 3 scrolls of enchant weapon
 q - a scroll of fear
 r - 5 scrolls of remove curse
 t - 8 scrolls of teleportation
 v - a scroll of immolation {unknown}
 y - a scroll of brand weapon {unknown}
 V - a scroll of acquirement
Potions
 b - 2 potions of ambrosia
 m - 7 potions of heal wounds
 o - a potion of haste
 p - 4 potions of brilliance
 w - a potion of mutation
 B - 3 potions of curing
 C - 2 potions of flight
 D - a potion of agility
 E - 4 potions of lignification
 K - a potion of berserk rage
 M - a potion of resistance
Books
 a - a book of Callings

   Spells                             Type                      Level
   a - Summon Small Mammal            Summoning                    1
   b - Call Imp                       Summoning                    2
   c - Call Canine Familiar           Summoning                    3
   d - Summon Guardian Golem          Hexes/Summoning              3
   e - Summon Lightning Spire         Summoning/Air                4
   f - Summon Ice Beast               Ice/Summoning                4
 x - a book of Clouds

   Spells                             Type                      Level
   a - Poisonous Vapours              Poison/Air                   2
   b - Mephitic Cloud                 Conjuration/Poison/Air       3
   c - Conjure Flame                  Conjuration/Fire             3
   d - Freezing Cloud                 Conjuration/Ice/Air          6
   e - Ring of Flames                 Charms/Fire                  7
 F - the Guide on Creative Displacement
   (You found it on level 7 of the Dungeon)

   Spells                             Type                      Level
   a - Summon Small Mammal            Summoning                    1
   b - Recall                         Summoning/Translocation      3
   c - Force Lance                    Conjuration/Translocation    4
   d - Summon Mana Viper              Hexes/Summoning              5
   e - Aura of Abjuration             Summoning                    5
 R - a book of Summonings

   Spells                             Type                      Level
   a - Recall                         Summoning/Translocation      3
   b - Aura of Abjuration             Summoning                    5
   c - Summon Demon                   Summoning                    5
   d - Summon Forest                  Summoning/Translocation      5
   e - Summon Mana Viper              Hexes/Summoning              5
   f - Shadow Creatures               Summoning                    6
 S - a book of Necromancy

   Spells                             Type                      Level
   a - Pain                           Necromancy                   1
   b - Animate Skeleton               Necromancy                   1
   c - Vampiric Draining              Necromancy                   3
   d - Regeneration                   Charms/Necromancy            3
   e - Animate Dead                   Necromancy                   4
   f - Borgnjor's Vile Clutch         Necromancy/Earth             5
 U - a book of Battle

   Spells                             Type                      Level
   a - Infusion                       Charms                       1
   b - Shroud of Golubria             Charms/Translocation         2
   c - Song of Slaying                Charms                       2
   d - Spectral Weapon                Hexes/Charms                 3
   e - Regeneration                   Charms/Necromancy            3
Miscellaneous
 I - a phial of floods
Comestibles
 c - 15 rations


   Skills:
 + Level 13.2 Fighting
 * Level 17.6 Long Blades
 + Level 12.8 Armour
 + Level 5.3 Dodging
 - Level 1.5 Stealth
 - Level 6.0 Invocations
 + Level 3.4 Evocations


You had 12 spell levels left.
You didn't know any spells.

Dungeon Overview and Level Annotations

Branches:
Dungeon (14/15)            Temple (1/1) D:6            Lair (0/6) D:11
    Orc (0/2) D:10         Vaults (0/5) D:13

Altars:
Ashenzari
Elyvilon
Kikubaaqudgha
Makhleb
Okawaru
Ru
Trog
Wu Jian
Xom
Zin
The Shining One

Shops:
D:11 [

Annotations:
D:14 Louise


Innate Abilities, Weirdness & Mutations

You reflexively headbutt those who attack you in melee.
You have a pair of horns on your head.


Message History

The golden eye blinks at you.
You easily resist.
The naga warrior hits you but does no damage.
The guardian serpent hits you but does no damage.
The naga warrior closely misses you. The naga warrior grabs you.
* * * LOW HITPOINT WARNING * * *
The naga warrior constricts you. The golden eye blinks at you.
You are more confused.
The ancient zyme hits you but does no damage. x2
The golden eye blinks at you.
You slice the guardian serpent!! You headbutt the guardian serpent!
The guardian serpent is severely wounded.
* * * LOW HITPOINT WARNING * * *
You feel sick. The golden eye blinks at you.
You are more confused.
The guardian serpent closely misses you.
The naga warrior completely misses you.
You die...

.. # . ##.#.##
.......#...#.... #
.....#.#......# |#
.....#.#....#.#. #
...§/..§.......###
.....G...........#
.......N...#....##
.......xG..####.#
.......@NN.# .
......#GS..# #
#...#..GN...#
.............# .
.........#..#
.........## ...
.........# [.#
......#..# ##


You could see 2 naga warriors, an ancient zyme, a guardian serpent, 2 nagas and
4 golden eyes.

Vanquished Creatures
  2 tentacled starspawn (Abyss:3)
  Snorg (D:13)
  The ghost of dracomuter the Basher, a journeyman TrCK of Xom (D:11)
  A minotaur (Lab)
  A vault guard (D:13)
  A hydra (D:8)
  A centaur warrior (D:8)
  4 two-headed ogres
  The ghost of tensugalgo the Cleaver, a novice BaFi of Okawaru (D:7)
  The ghost of wardy167 the Spear-Bearer, a novice DsFi of Jiyva (D:8)
  3 wizards (D:13)
  The ghost of raetorn the Covert, a novice VSEn of Wu Jian (D:9)
  A necromancer (D:13)
  A deep elf mage (D:12)
  3 cyclopes
  2 ugly things
  A manticore (D:8)
  Joseph (D:8)
  Maurice (D:8)
  3 centaur skeletons
  A gargoyle (D:7)
  2 trolls
  A merfolk (D:10)
  3 hippogriffs
  5 slime creatures (D:12)
  The ghost of NullDivider the Charlatan, an amateur SpAr of Gozag (D:5)
  15 yaks
  A golden eye (Abyss:3)
  20 humans (D:13)
  4 hungry ghosts
  Edmund (D:5)
  Duvessa (D:7)
  An acid dragon (D:12)
  2 porcupines (D:11)
  2 water moccasins
  A small abomination (Abyss:3)
  A black bear (D:11)
  8 orc warriors
  An eye of draining (D:8)
  An ice beast (D:13)
  5 sky beasts
  5 phantoms
  13 ogres
  A crocodile (D:11)
  17 centaurs
  7 bullfrogs
  8 gnoll sergeants (Bailey)
  Dowan (D:7)
  A wyvern skeleton (D:7)
  3 scorpions
  14 wights
  A water moccasin skeleton (D:7)
  6 killer bees
  4 howler monkeys
  An electric eel (D:10)
  A centaur zombie (D:8)
  7 crimson imps
  2 quasits (D:7)
  2 bullfrog zombies
  3 bullfrog skeletons
  14 hounds
  6 gnoll shamans (Bailey)
  7 orc priests
  6 jellies
  9 orc wizards
  5 iguanas
  Terence (D:2)
  6 worker ants
  2 hound zombies
  A worker ant zombie (D:7)
  20 gnolls
  20 adders
  3 shadow imps
  3 oozes
  2 adder skeletons
  4 dart slugs
  6 leopard geckos
  39 orcs
  2 ball pythons (D:2)
  3 bats
  5 giant cockroaches
  6 goblins
  5 hobgoblins
  18 jackals
  8 quokkas
  8 frilled lizards
  A giant cockroach zombie (D:5)
  4 kobolds
  2 leopard gecko skeletons (D:7)
  A leopard gecko zombie (D:5)
  A quokka skeleton (D:7)
  2 quokka zombies
  6 rats
  A starspawn tentacle (Abyss:3)
432 creatures vanquished.

Vanquished Creatures (others)
  2 starspawn tentacles (Abyss:3)
2 creatures vanquished.

Grand Total: 434 creatures vanquished

Notes
Turn   | Place    | Note
-------+----------+-------------------------------------------
     0 | D:1      | Norrik the Minotaur Monk began the quest for the Orb.
     0 | D:1      | Reached XP level 1. HP: 19/19 MP: 0/0
   400 | D:1      | Reached skill level 4 in Long Blades
   401 | D:1      | Reached XP level 2. HP: 27/27 MP: 1/1
   408 | D:1      | Reached skill level 1 in Armour
   844 | D:1      | Reached XP level 3. HP: 33/33 MP: 2/2
  1109 | D:2      | Reached XP level 4. HP: 25/41 MP: 3/3
  1185 | D:2      | Reached skill level 5 in Long Blades
  1217 | D:2      | Noticed Terence
  1225 | D:2      | Killed Terence
  1483 | D:3      | Found a glowing golden altar of the Shining One.
  1505 | D:3      | Noticed a phantom
  1537 | D:3      | Killed a phantom
  1537 | D:3      | Reached skill level 5 in Fighting
  1537 | D:3      | Reached skill level 6 in Long Blades
  1537 | D:3      | Reached XP level 5. HP: 20/48 MP: 4/4
  1866 | D:3      | Noticed a sky beast
  1886 | D:3      | Killed a sky beast
  1886 | D:3      | Reached XP level 6. HP: 31/56 MP: 5/5
  2587 | D:4      | Found a sacrificial altar of Ru.
  2588 | D:4      | Found a burning altar of Makhleb.
  2588 | D:4      | Found a shattered altar of Ashenzari.
  2589 | D:4      | Found a white marble altar of Elyvilon.
  2884 | D:4      | Noticed a sky beast
  2904 | D:4      | Killed a sky beast
  2904 | D:4      | Reached skill level 7 in Long Blades
  3263 | D:5      | Entered Level 5 of the Dungeon
  3279 | D:5      | Reached XP level 7. HP: 62/62 MP: 6/6
  3361 | D:5      | Noticed Edmund
  3386 | D:5      | Killed Edmund
  3386 | D:5      | Reached skill level 8 in Long Blades
  3495 | D:5      | Noticed NullDivider's ghost (amateur SpAr)
  3708 | D:5      | Killed NullDivider's ghost
  3708 | D:5      | Reached skill level 5 in Armour
  3892 | D:5      | Reached XP level 8. HP: 59/71 MP: 7/7
  3922 | D:5      | Got a polished rapier
  3923 | D:5      | Identified the +6 rapier "Kuil" {protect, rC+ Int+6} (You found it on level 5 of the Dungeon)
  3951 | D:5      | Reached skill level 9 in Long Blades
  4011 | D:5      | Found a glowing silver altar of Zin.
  4028 | D:5      | Found a shimmering altar of Xom.
  4147 | D:6      | Found a bloodstained altar of Trog.
  4458 | D:6      | Reached skill level 10 in Long Blades
  4489 | D:6      | Found a staircase to the Ecumenical Temple.
  4828 | Temple   | Entered the Ecumenical Temple
  4837 | Temple   | Became a worshipper of Warmaster Okawaru
  4837 | Temple   | Reached * piety under Okawaru
  4837 | Temple   | Reached ** piety under Okawaru
  4884 | D:7      | Noticed Duvessa
  4886 | D:7      | Noticed Dowan
  4896 | D:7      | Killed Duvessa
  4906 | D:7      | Killed Dowan
  4956 | D:7      | Reached XP level 9. HP: 77/81 MP: 8/8
  5163 | D:7      | Reached skill level 11 in Long Blades
  5332 | D:7      | Noticed tensugalgo's ghost (novice BaFi)
  5352 | D:7      | Killed tensugalgo's ghost
  5352 | D:7      | Reached *** piety under Okawaru
  5408 | D:7      | Reached skill level 12 in Long Blades
  5637 | D:7      | Noticed a gargoyle
  5646 | D:7      | Killed a gargoyle
  5646 | D:7      | Reached **** piety under Okawaru
  5646 | D:7      | Reached skill level 1 in Invocations
  5672 | D:7      | Reached XP level 10. HP: 89/91 MP: 7/10
  5776 | D:7      | Identified the Guide on Creative Displacement
  6049 | D:7      | Identified a +2 pair of boots of running (You found it on level 7 of the Dungeon)
  6133 | D:8      | Identified a scroll of acquirement
  6134 | D:8      | Got an ivory great sword
  6206 | D:8      | Found a flagged portal.
  6232 | Bailey   | Entered a bailey
  6255 | Bailey   | Identified the +10 great sword "Somunoj" {elec, +Inv Str+2} (You acquired it on level 8 of the Dungeon)
  6794 | D:8      | Noticed a two-headed ogre
  6799 | D:8      | Noticed Joseph
  6801 | D:8      | Killed a two-headed ogre
  6801 | D:8      | Reached ***** piety under Okawaru
  6801 | D:8      | Reached skill level 10 in Fighting
  6801 | D:8      | Reached skill level 13 in Long Blades
  6805 | D:8      | Killed Joseph
  6957 | D:8      | Noticed wardy167's ghost (novice DsFi)
  6966 | D:8      | Killed wardy167's ghost
  7066 | D:8      | Found a transporter.
  7070 | D:8      | Got a spiked large shield
  7142 | D:8      | Noticed Maurice
  7436 | D:8      | Noticed a centaur warrior
  7438 | D:8      | Noticed a manticore
  7440 | D:8      | Noticed an eight-headed hydra
  7450 | D:8      | Identified the +6 large shield "Nauborr" {Str+2 Dex+4} (You found it on level 8 of the Dungeon)
  7462 | D:8      | Noticed a two-headed ogre
  7468 | D:8      | Killed a two-headed ogre
  7468 | D:8      | Reached XP level 11. HP: 90/101 MP: 13/13
  7518 | D:8      | Killed an eight-headed hydra
  7518 | D:8      | Reached skill level 14 in Long Blades
  7518 | D:8      | Reached skill level 10 in Armour
  7525 | D:8      | Killed a centaur warrior
  7525 | D:8      | Received a gift from Okawaru
  7531 | D:8      | Killed Maurice
  7531 | D:8      | Reached ****** piety under Okawaru
  7531 | D:8      | Reached skill level 5 in Invocations
  7554 | D:8      | Found a transporter.
  7555 | D:8      | Noticed a two-headed ogre
  7562 | D:8      | Killed a two-headed ogre
  7562 | D:8      | Received a gift from Okawaru
  7602 | D:8      | Got a glittering ivory amulet
  7613 | D:8      | Identified the amulet "Kang" {Inacc *Contam rElec Dex-2 Stlth+} (You found it on level 8 of the Dungeon)
  7710 | D:9      | Noticed raetorn's ghost (novice VSEn)
  7717 | D:9      | Killed raetorn's ghost
  8012 | D:9      | Found an ancient bone altar of Kikubaaqudgha.
  8025 | D:9      | You fall through a shaft for 2 floors!
  8157 | D:11     | Noticed a two-headed ogre
  8163 | D:11     | Killed a two-headed ogre
  8189 | D:11     | Reached skill level 15 in Long Blades
  8195 | D:11     | Noticed dracomuter's ghost (journeyman TrCK)
  8224 | D:11     | Killed dracomuter's ghost
  8224 | D:11     | Received a gift from Okawaru
  8320 | D:11     | Reached XP level 12. HP: 89/110 MP: 15/15
  8465 | D:11     | Found Gael's Armour Boutique.
  9062 | D:11     | Found a staircase to the Lair.
  9231 | D:10     | Entered Level 10 of the Dungeon
  9616 | D:10     | Reached skill level 16 in Long Blades
  9708 | D:10     | Found a staircase to the Orcish Mines.
 10155 | D:12     | Found a labyrinth entrance.
 10166 | Lab      | Entered a labyrinth
 10697 | Lab      | Noticed a minotaur
 10705 | Lab      | Killed a minotaur
 11089 | D:12     | Received a gift from Okawaru
 11092 | D:12     | Got a transparent great sword {god gift}
 11097 | D:12     | Identified the +8 great sword of Anottis {slice, +Blink rF+ rC+} (Okawaru gifted it to you on level 12 of the Dungeon)
 11211 | D:12     | Reached skill level 1 in Evocations
 11623 | D:13     | Noticed Snorg
 11633 | D:13     | Killed Snorg
 11633 | D:13     | Reached skill level 17 in Long Blades
 11713 | D:13     | Reached XP level 13. HP: 119/119 MP: 16/16
 11789 | D:13     | Found a gate to the Vaults.
 11809 | D:13     | Received a gift from Okawaru
 11918 | D:14     | Noticed Louise
 11932 | D:14     | Cast into level 3 of the Abyss (Louise)
 11967 | Abyss:3  | Noticed a tentacled starspawn
 11976 | Abyss:3  | Killed a tentacled starspawn
 11976 | Abyss:3  | Reached skill level 5 in Dodging
 12035 | Abyss:3  | Noticed a tentacled starspawn
 12043 | Abyss:3  | Killed a tentacled starspawn
 12085 | Abyss:3  | HP: 5/122 [naga warrior/short sword (4)]
 12086 | Abyss:3  | Slain by a naga warrior

Skill      XL: |  1  2  3  4  5  6  7  8  9 10 11 12 13 |
---------------+----------------------------------------+-----
Long Blades    | 4 6 7 8 10 12 13 15 17 | 17.6
Armour         | 1 2 3 4 5 6 8 9 11 12 | 12.8
Fighting       | 4 5 6 7 9 10 11 12 13 | 13.2
Invocations    | 1 4 6 |  6.0
Evocations     | 1 3 |  3.4
Dodging        | 4 5 |  5.3
Stealth        | |  1.5

Action                   |  1- 3 |  4- 6 |  7- 9 | 10-12 | 13-15 || total
-------------------------+-------+-------+-------+-------+-------++-------
Melee: Falchion          |    74 |   144 |   120 |       |       ||   338
       Headbutt          |    13 |    18 |    57 |   117 |    24 ||   229
       Rapier            |       |       |   205 |    73 |       ||   278
       Punch             |       |       |     2 |       |       ||     2
       Great sword       |       |       |       |   427 |    88 ||   515
Invok: Heroism           |       |       |     3 |     9 |     3 ||    15
Evoke: Wand              |       |       |       |     3 |       ||     3
  Use: Scroll            |       |       |     6 |    23 |       ||    29
       Potion            |       |       |     1 |       |       ||     1
 Stab: Sleeping          |     2 |       |       |       |       ||     2
  Eat: Chunk             |       |     6 |     7 |    17 |       ||    30
       Ration            |       |       |     3 |     1 |     1 ||     5
Armor: Plate armour      |    46 |    99 |   207 |   358 |    72 ||   782
       Skin              |       |       |    28 |       |       ||    28
Dodge: Dodged            |    23 |    43 |   115 |   247 |    58 ||   486
       Rpst.: Falchion   |     7 |    11 |     4 |       |       ||    22
       Great sword       |       |       |       |    44 |    16 ||    60
